details: 'Kmac losing streak 3'

« prev index next »

General information

Mini Map

Players

team 1
UndeadTheAngryPenguin (yellow | 27 APM | 59 actions | 02:12)

» actions
Build / train7
Enter build submenu6
Right click26
Select / deselect15
Use ability5
59 total
» units
Acolyte2
Ghoul3
5 total
» buildings
Ziggurat2
Crypt1
Altar of Darkness1
Graveyard1
Nerubian Tower1
6 total
» build order
00:10 Ziggurat
00:19 Crypt
00:43 Altar of Darkness
01:12 Graveyard
01:18 Nerubian Tower
01:59 Ziggurat
NightElfolivier581 (teal | 28 APM | 61 actions | 02:12)

» actions
Build / train10
Enter build submenu4
Right click12
Select / deselect31
Use ability4
61 total
» units
Wisp10
10 total
» buildings
Moon Well2
Altar of Elders1
Hunter's Hall1
4 total
» build order
00:24 Moon Well
00:26 Moon Well
00:40 Altar of Elders
01:49 Hunter's Hall
Random» NightElf13urning_13lade (orange | 33 APM | 72 actions | 02:12)

» actions
Build / train11
Enter build submenu4
Right click22
Select / deselect26
Use ability9
72 total
» units
Wisp7
Archer3
10 total
» buildings
Ancient of War1
Moon Well2
Altar of Elders1
4 total
» build order
00:13 Ancient of War
00:17 Moon Well
00:43 Altar of Elders
01:17 Moon Well
Random» Humanlym6421F (purple | 42 APM | 92 actions | 02:12)

» actions
Assign group hotkey1
Basic commands3
Build / train15
Enter build submenu9
Right click28
Select / deselect30
Use ability6
92 total
» units
Peasant15
15 total
» buildings
Farm2
Blacksmith1
Barracks1
Altar of Kings1
Scout Tower1
6 total
» build order
00:43 Farm
01:14 Farm
01:22 Blacksmith
01:32 Barracks
01:47 Altar of Kings
01:55 Scout Tower
team 2
OrcNigg3rBuster (red | 11 APM | 24 actions | 02:12)

» actions
Assign group hotkey4
Build / train5
Enter build submenu1
Right click5
Select / deselect5
Select group hotkey3
Use ability1
24 total
» units
Peon5
5 total
» buildings
War Mill1
1 total
» build order
00:34 War Mill
Random» HumanKmac (blue | 26 APM | 57 actions | 02:12)

» actions
Build / train8
Enter build submenu6
Right click17
Select / deselect22
Use ability4
57 total
» units
Peasant7
7 total
» buildings
Altar of Kings1
Farm2
Barracks1
4 total
» build order
00:05 Altar of Kings
00:14 Farm
00:48 Barracks
00:53 Farm
HumanThe_Iron-Dagger (pink | 22 APM | 47 actions | 02:08)

» actions
Build / train7
Enter build submenu6
Right click14
Select / deselect14
Use ability6
47 total
» units
Peasant7
7 total
» buildings
Farm3
Altar of Kings1
Barracks1
Blacksmith1
6 total
» build order
00:14 Farm
00:54 Altar of Kings
00:58 Barracks
01:10 Blacksmith
01:53 Farm
01:55 Farm
HumanIH8Everyone (green | 29 APM | 64 actions | 02:12)
Hero icon 1 Blood Mage
Ability icon 1 Flame Strike

» actions
Assign group hotkey2
Basic commands6
Build / train8
Enter build submenu3
Enter hero's abilities submenu1
Right click14
Select / deselect19
Use ability11
64 total
» units
Peasant5
5 total
» buildings
Altar of Kings1
Farm1
2 total
» build order
00:03 Altar of Kings
00:30 Farm

Chat log

(00:08 / All) IH8Everyone: hey blue
(00:10 / All) IH8Everyone: hows the losing streak
(00:12 / All) IH8Everyone: oh right
(00:16 / All) IH8Everyone: you have me squelched
(00:17 / All) IH8Everyone: lol
(00:23 / Allies) The_Iron-Dagger: lol jus play

(01:23 / Allies) The_Iron-Dagger: wtf
(01:27 / Allies) IH8Everyone: like i said
(01:31 / Allies) The_Iron-Dagger: gay cunt
(01:31 / Allies) IH8Everyone: blue has me squelched
(01:37 / Allies) Kmac: I actually don't
(01:41 / Allies) Kmac: I'm laughing at how mad you are in real life
(01:45 / Allies) Kmac: You must have a pathetic life
(02:07 / Allies) Kmac: It's sad having so much free time you spend it playing games to try and make other people sad like you